 Dungeon Crawl Stone Soup version 0.23-a0-175-g97aacdb306 (webtiles) character file.

18256 PikkenKukken the Slicer (level 12, -12/64 HPs)
             Began as a Vine Stalker Fighter on Sept 16, 2018.
             Was a Follower of Uskayaw.
             Shot with an arrow by Nessos (19 damage)
             ... on level 4 of the Lair of Beasts.
             The game lasted 00:24:27 (11753 turns).

PikkenKukken the Slicer (Vine Stalker Fighter)     Turns: 11753, Time: 00:24:27

Health: -12/64     AC: 15    Str: 25    XL:     12   Next: 56%
Magic:  0/18       EV:  7    Int:  8    God:    Uskayaw [*.....]
Gold:   662        SH: 13    Dex: 16    Spells: 11/11 levels left

rFire    . . .     SeeInvis .   a - +1 rapier
rCold    . . .     Gourm    .   c - +1 shield
rNeg     . . .     Faith    +   k - +0 plate armour
rPois    .         Spirit   +   (no helmet)
rElec    .         Reflect  .   b - +0 cloak
rCorr    .         Harm     .   t - +0 pair of gloves
MR       ++...     Rnd*Rage +   (no boots)
Stlth    ..........             D - amulet of faith
HPRegen  1.00/turn              m - ring of protection from magic
MPRegen  0.16/turn              y - +3 ring of dexterity

@: about to teleport
A: fangs 3, talons 1, berserk 1, regeneration 2, magic shield, antimagic bite,
no potion heal 3, rot immunity
a: Stomp, Renounce Religion


You were on level 4 of the Lair of Beasts.
You worshipped Uskayaw.
Uskayaw was noncommittal.
You were not hungry.

You visited 3 branches of the dungeon, and saw 15 of its levels.

You collected 830 gold pieces.
You spent 168 gold pieces at shops.

Inventory:

Hand Weapons
 a - a +1 rapier (weapon)
Armour
 b - a +0 cloak (worn)
 c - a +1 shield (worn)
 k - a +0 plate armour (worn)
 t - a +0 pair of gloves (worn)
Jewellery
 m - a ring of protection from magic (left hand)
 q - an uncursed ring of protection from cold
 y - a +3 ring of dexterity (right hand)
 z - an uncursed ring of protection from fire
 A - an uncursed ring of protection from cold
 D - an amulet of faith (around neck)
 F - an uncursed ring of stealth
Wands
 j - a wand of random effects (24)
 p - a wand of polymorph (13)
 r - a wand of iceblast (10)
 v - a wand of flame (35)
 x - a wand of acid (5)
Scrolls
 e - 4 scrolls of remove curse
 g - 7 scrolls of teleportation
 i - 7 scrolls of amnesia
 l - 3 scrolls of enchant armour
 u - a scroll of magic mapping
 w - a scroll of holy word
 E - a scroll of enchant weapon
 J - a scroll of identify
Potions
 h - a potion of cancellation
 n - a potion of ambrosia
 o - a potion of resistance
 s - a potion of lignification
 B - a potion of might
 C - a potion of agility
 H - a potion of magic
 I - 2 potions of berserk rage
 K - a potion of flight
Comestibles
 f - 24 rations
 G - 5 chunks of flesh


   Skills:
 + Level 7.9 Fighting
 * Level 10.6 Short Blades
 + Level 7.1 Armour
 - Level 2.1 Dodging
 + Level 7.8 Shields
 + Level 5.5 Invocations
 + Level 6.8 Evocations


You had 11 spell levels left.
You didn't know any spells.
Your spell library contained the following spells:

 Spells                   Type           Power        Failure   Level  Hunger
 Irradiate                Conj/Tmut      #.........   100%        5    ######.
 Hydra Form               Tmut           #.........   100%        6    #######
 Statue Form              Tmut/Erth      #........    100%        6    #######
 Dragon Form              Tmut           #.........   100%        7    #######


Dungeon Overview and Level Annotations

Branches:
Dungeon (10/15)            Temple (1/1) D:5            Lair (4/6) D:8
  Swamp (0/4) Lair:4        Snake (0/4) Lair:2
    Orc: D:9-12

Altars:
Dithmenos
Kikubaaqudgha
Makhleb
Uskayaw
Xom
Zin
Beogh
Jiyva

Shops:
D:6 (   D:7 [   D:10 [[:!

Annotations:
D:8 1 transporter
Lair:3 1 runed door, Pihasey's ghost, journeyman VSBe
Lair:4 Nessos


Innate Abilities, Weirdness & Mutations

You have razor-sharp teeth.
You heal very quickly.
When hurt, damage is shared between your health and your magic reserves.
Your bite disrupts and absorbs the magic of your enemies.
Potions cannot restore your health.
You are immune to rotting.
You have sharp toenails.
You tend to lose your temper in combat.


Message History

As you read the scroll of teleportation, it crumbles to dust.
You feel strangely unstable.
You feel sick.
Nessos shoots an arrow.
The arrow hits you.
* * * LOW HITPOINT WARNING * * *
The arrow burns you.
* * * LOW HITPOINT WARNING * * *
You feel sick.
Nessos shouts, "I'm half man!
Half horse!
And all stone-cold KILLER!"
Nessos shoots an arrow.
The arrow hits you.
* * * LOW HITPOINT WARNING * * *
The arrow burns you.
You are more poisoned.
* * * LOW HITPOINT WARNING * * *
Nessos blinks!
You see here an arrow.
Okay, then.
Your system rejects the healing.
You feel better.
Nessos pounds the earth with his hooves.
Nessos shoots an arrow.
The arrow hits you!!
You die...

***###..............# **,≈,***
*,*........#.#P.P.###**
*,≈≈,**
**,.........#######**.#
*,,≈,,* *,*/.......##*## *,#.#
*,,≈,** ***..##.#P..##.##
**..##*,,≈,* *,,,*##......#.#
*#...#*,≈≈,* *,*** #.......#*
*...#**,≈,,* ***
**#.......####...#**,≈,**
*#........@.##....#*,*≈,,**
*.#........(P#(...#,,***,,*
##............P...#*,,,,,**
*#.................#*,,,**
*.................#...,**
*,.........#.....§..#.,**
*,*.......c.##.......,,,**
******##.......*####.....,,,**
*,*** ##P....#* *##...,,,,,


You could see Nessos.

Vanquished Creatures
  4 hydras
  Urug (Lair:1)
  A lindwurm (Lair:3)
  2 black mambas (Lair:2)
  A gargoyle (D:10)
  6 spiny frogs
  2 komodo dragons
  A rime drake (Lair:1)
  3 blink frogs (Lair:2)
  A hornet (D:10)
  3 hippogriffs
  4 wyverns
  Sigmund (D:3)
  A vampire (D:10)
  7 yaks
  A steam dragon (D:8)
  2 basilisks
  3 nagas (Lair:2)
  6 water moccasins
  4 porcupines
  5 orc warriors
  A sky beast (D:8)
  A black bear (D:6)
  A hornet zombie (D:7)
  2 ice beasts
  2 ogres (D:5)
  An eye of draining (D:10)
  2 phantoms
  23 wolves
  2 centaurs
  7 crocodiles
  A big kobold (D:7)
  7 bullfrogs
  A scorpion (D:4)
  A water moccasin skeleton (D:8)
  A wyvern skeleton (D:6)
  7 wights (D:8)
  6 killer bees
  5 howler monkeys
  A bullfrog zombie (D:9)
  2 quasits
  2 hounds
  A jelly (D:8)
  An orc priest (D:10)
  An iguana (D:10)
  3 worker ants
  6 orc wizards
  3 hound skeletons
  A worker ant zombie (D:10)
  14 adders
  A shadow imp (D:6)
  3 oozes
  An adder zombie (D:5)
  2 worms
  3 dart slugs
  4 leopard geckos
  34 orcs
  3 ball pythons
  8 giant cockroaches
  12 goblins
  5 hobgoblins
  7 jackals (D:1)
  10 kobolds
  5 quokkas
  10 bats
  A frilled lizard (D:1)
  2 leopard gecko skeletons
  11 rats
287 creatures vanquished.

Vanquished Creatures (others)
  3 fungi
3 creatures vanquished.

Grand Total: 290 creatures vanquished

Notes
Turn   | Place    | Note
-------+----------+-------------------------------------------
     0 | D:1      | PikkenKukken the Vine Stalker Fighter began the quest for
                  | the Orb.
     0 | D:1      | Reached XP level 1. HP: 11/11 MP: 2/2
    41 | D:1      | Reached skill level 2 in Short Blades
    77 | D:1      | Reached XP level 2. HP: 16/16 MP: 3/3
   260 | D:1      | Reached XP level 3. HP: 18/20 MP: 2/4
  1090 | D:2      | Reached skill level 1 in Dodging
  1090 | D:2      | Gained mutation: Your natural rate of healing is unusually
                  | fast. [Vine Stalker growth]
  1090 | D:2      | Reached XP level 4. HP: 24/24 MP: 5/5
  1583 | D:2      | Found an ancient bone altar of Kikubaaqudgha.
  1904 | D:3      | Reached skill level 3 in Short Blades
  2040 | D:3      | Reached XP level 5. HP: 28/28 MP: 6/6
  2249 | D:3      | Noticed Sigmund
  2259 | D:3      | Killed Sigmund
  2259 | D:3      | Reached XP level 6. HP: 23/32 MP: 7/7
  2780 | D:4      | Reached skill level 4 in Short Blades
  2932 | D:4      | Reached XP level 7. HP: 33/37 MP: 6/8
  3037 | D:5      | Entered Level 5 of the Dungeon
  3207 | D:5      | Reached skill level 1 in Evocations
  3352 | D:5      | You fall through a shaft!
  3707 | D:5      | Found a burning altar of Makhleb.
  3981 | D:5      | Found a staircase to the Ecumenical Temple.
  3997 | Temple   | Entered the Ecumenical Temple
  4008 | Temple   | Became a worshipper of Uskayaw the Reveler
  4309 | D:6      | Reached * piety under Uskayaw
  4351 | D:6      | Reached ** piety under Uskayaw
  4382 | D:6      | Reached skill level 5 in Short Blades
  4382 | D:6      | Gained mutation: You have razor-sharp teeth. [Vine Stalker
                  | growth]
  4382 | D:6      | Reached XP level 8. HP: 42/42 MP: 10/10
  4395 | D:6      | Found Xuasted's Weapon Shoppe.
  4924 | D:7      | Found Zumyimm's Antique Armour Shop.
  4936 | D:7      | Reached *** piety under Uskayaw
  4944 | D:7      | Reached **** piety under Uskayaw
  4951 | D:7      | Reached ***** piety under Uskayaw
  5051 | D:7      | Reached skill level 6 in Short Blades
  5142 | D:7      | Reached XP level 9. HP: 29/46 MP: 9/12
  5429 | D:7      | Reached skill level 5 in Fighting
  5644 | D:8      | Reached skill level 5 in Shields
  5652 | D:8      | Found a transporter.
  5957 | D:8      | Found a staircase to the Lair.
  5965 | D:8      | Reached skill level 7 in Short Blades
  6256 | D:8      | Reached skill level 5 in Armour
  6521 | D:8      | Found a viscous altar of Jiyva.
  7067 | D:9      | Reached XP level 10. HP: 53/53 MP: 14/14
  7309 | D:10     | Entered Level 10 of the Dungeon
  7309 | D:10     | Found Ekyxedill's Book Emporium.
  7440 | D:10     | Found Suufuac's Armour Shop.
  7506 | D:10     | Paralysed by a hornet for 3 turns
  7508 | D:10     | HP: 2/53 [hornet (4)]
  7620 | D:10     | Found Lirphy's Distillery.
  7623 | D:10     | Bought 2 potions of might for 112 gold pieces
  7623 | D:10     | Bought a potion of agility for 56 gold pieces
  7696 | D:9      | Reached skill level 1 in Invocations
  7834 | D:10     | Found a roughly hewn altar of Beogh.
  7850 | D:10     | Noticed a gargoyle
  7867 | D:10     | Reached skill level 8 in Short Blades
  7980 | D:10     | Killed a gargoyle
  8385 | D:10     | Found Qolobar's Armour Shoppe.
  8649 | Lair:1   | Entered Level 1 of the Lair of Beasts
  8653 | Lair:1   | Noticed a spiny frog
  8670 | Lair:1   | Killed a spiny frog
  8670 | Lair:1   | Noticed a six-headed hydra
  8675 | Lair:1   | Noticed a six-headed hydra
  8679 | Lair:1   | Killed a six-headed hydra
  8679 | Lair:1   | Reached skill level 5 in Evocations
  8732 | Lair:1   | Killed a six-headed hydra
  8828 | Lair:1   | Reached XP level 11. HP: 58/58 MP: 15/15
  9023 | Lair:1   | Reached skill level 9 in Short Blades
  9119 | Lair:1   | Noticed Urug
  9132 | Lair:1   | Killed Urug
  9265 | Lair:1   | Reached ****** piety under Uskayaw
  9688 | Lair:1   | Noticed an eight-headed hydra
  9697 | Lair:1   | Killed an eight-headed hydra
  9791 | Lair:1   | You fall through a shaft!
 10004 | Lair:2   | Found a staircase to the Snake Pit.
 10115 | Lair:2   | Noticed a four-headed hydra
 10125 | Lair:2   | Killed a four-headed hydra
 10125 | Lair:2   | Reached skill level 10 in Short Blades
 10125 | Lair:2   | Gained mutation: You heal very quickly. [Vine Stalker
                  | growth]
 10125 | Lair:2   | Reached XP level 12. HP: 53/63 MP: 15/17
 10267 | Lair:2   | Reached skill level 5 in Invocations
 10388 | Lair:2   | Gained mutation: You occasionally shout uncontrollably at
                  | your foes. [potion of mutation]
 10388 | Lair:2   | Gained mutation: Your muscles are strong. (Str +2) [potion
                  | of mutation]
 10388 | Lair:2   | Gained mutation: Your mind is acute. (Int +2) [potion of
                  | mutation]
 10389 | Lair:2   | Lost mutation: You occasionally shout uncontrollably at
                  | your foes. [potion of mutation]
 10389 | Lair:2   | Lost mutation: Your mind is acute. (Int +2) [potion of
                  | mutation]
 10389 | Lair:2   | Lost mutation: Your muscles are strong. (Str +2) [potion of
                  | mutation]
 10389 | Lair:2   | Gained mutation: You tend to lose your temper in combat.
                  | [potion of mutation]
 10389 | Lair:2   | Gained mutation: Your magical capacity is low. (-10% MP)
                  | [potion of mutation]
 10389 | Lair:2   | Gained mutation: You have sharp toenails. [potion of
                  | mutation]
 10389 | Lair:2   | Lost mutation: Your magical capacity is low. (-10% MP)
                  | [potion of mutation]
 11086 | Lair:3   | Found a runed door.
 11086 | Lair:3   | Found a shimmering altar of Xom.
 11086 | Lair:3   | Noticed Pihasey's ghost (journeyman VSBe)
 11746 | Lair:4   | Noticed Nessos
 11753 | Lair:4   | Shot with an arrow by Nessos

Vault maps used:
D:1:      dpeg_arrival_short_road
D:2:      nicolae_overflow_hidden_temple, minmay_misc_feat_tower
D:3:      serial_bayou_ford_a, uniq_sigmund
D:4:      first_ration
D:5:      temple_green, makhleb_blood_cavern_becter
D:6:      serial_shops, nicolae_shop_crystal
D:7:      serial_shops, nicolae_shop_crystal
D:8:      gammafunk_jiyva_shrine, lair_entry_dummy
D:10:     serial_shops, nicolae_shop_behind_doors, shop, shop, kennysheep_mini,
          grunt_pizzeria
Temple:   regret_index_temple_sigil_plot
Lair:1:   uniq_urug
Lair:2:   minmay_snake_entry_guardpost_small, serial_bayou_shore_b
Lair:3:   ebering_ghost_xom, bh_chokoban, grunt_megastairs_4
Lair:4:   swamp_mist_pool, nicolae_volcano_entry_vermiform,
          infiniplex_staircase_pool_2, uniq_nessos

Skill      XL: |  1  2  3  4  5  6  7  8  9 10 11 12 |
---------------+-------------------------------------+-----
Short Blades   | 2 3 4 5 6 7 8 10 | 10.6
Fighting       | 3 4 5 6 7 |  7.9
Shields        | 3 4 5 6 7 |  7.8
Dodging        | 1 2 |  2.1
Armour         | 3 4 5 6 7 |  7.1
Evocations     | 1 2 4 5 6 |  6.8
Invocations    | 2 4 5 |  5.5

Action                   |  1- 3 |  4- 6 |  7- 9 | 10-12 || total
-------------------------+-------+-------+-------+-------++-------
Melee: Rapier            |   131 |   142 |   351 |   551 ||  1175
       Bite              |    30 |    40 |   114 |   203 ||   387
       Kick              |       |       |       |    42 ||    42
Invok: Line Pass         |       |       |       |     1 ||     1
 Abil: Evoke Berserk Rag |       |       |       |     4 ||     4
  Use: Scroll            |     9 |     4 |     6 |    14 ||    33
       Potion            |       |     1 |       |     6 ||     7
 Stab: Distracted        |       |       |     1 |       ||     1
       Paralysed         |       |       |     7 |    40 ||    47
  Eat: Chunk             |     1 |     6 |    13 |    13 ||    33
       Ration            |       |       |       |     2 ||     2
Armor: Scale mail        |    65 |    38 |    10 |       ||   113
       Chain mail        |       |       |   133 |    47 ||   180
       Plate armour      |       |       |       |   179 ||   179
Dodge: Dodged            |    38 |    29 |    55 |   120 ||   242
Block: Shield            |    70 |    70 |   188 |   345 ||   673

Table legend:
 A = Non-vault XP
 B = Vault XP
 C = Vault XP percentage of total XP
 D = Non-vault monster count
 E = Vault monster count
 F = Vault count percentage of total count
                 A         B        C        D         E       F
            +---------+---------+-------+---------+---------+-------
      Total |   23638 |    2443 |   9.4 |     254 |      33 |  11.5
            +---------+---------+-------+---------+---------+-------
        D:1 |      60 |       0 |   0.0 |      37 |       0 |   0.0
        D:2 |      76 |       0 |   0.0 |      25 |       0 |   0.0
        D:3 |      33 |     220 |  87.0 |      10 |       1 |   9.1
        D:4 |     247 |       0 |   0.0 |      13 |       0 |   0.0
        D:5 |     420 |      43 |   9.3 |      10 |       1 |   9.1
        D:6 |     515 |       0 |   0.0 |      14 |       0 |   0.0
        D:7 |     923 |       0 |   0.0 |      21 |       0 |   0.0
        D:8 |    2101 |       0 |   0.0 |      33 |       0 |   0.0
        D:9 |     130 |     408 |  75.8 |       2 |       4 |  66.7
       D:10 |    1363 |     369 |  21.3 |      14 |      22 |  61.1
     Lair:1 |    7987 |     804 |   9.1 |      31 |       1 |   3.1
     Lair:2 |    5272 |     463 |   8.1 |      21 |       3 |  12.5
     Lair:3 |    4301 |     136 |   3.1 |      22 |       1 |   4.3
     Lair:4 |     210 |       0 |   0.0 |       1 |       0 |   0.0
            +---------+---------+-------+---------+---------+-------
